 Dungeon Crawl Stone Soup version 0.30-a0-1082-g70414cbcbb (webtiles) character file.

Game seed: 12902546674983964221

49 Zeldest the Sneak (level 3, -5/29 HPs)
             Began as a Mummy Delver on Apr 16, 2023.
             Slain by an iguana (10 damage)
             ... on level 4 of the Dungeon.
             The game lasted 00:01:57 (463 turns).

Zeldest the Sneak (Mummy Delver)                     Turns: 463, Time: 00:01:57

Health: -5/29      AC:  3    Str: 17    XL:     3   Next: 51%
Magic:  3/3        EV: 11    Int:  9    God:
Gold:   46         SH:  0    Dex: 13    Spells: 2/2 levels left

rFire   x . .      SeeInvis .    a - +0 hand axe
rCold   + . .      Faith    +    (no shield)
rNeg    + + +      Spirit   .    b - +0 leather armour
rPois   ∞          Reflect  .    (no helmet)
rElec   .          Rampage  .    (no cloak)
rCorr   .                        (no gloves)
Will    .....                    (no boots)
Stlth   ++                       (no amulet)
HPRegen 0.24/turn                (no ring)
MPRegen 0.08/turn                (no ring)

@: no status effects
A: cold resistance 1, negative energy resistance 3, torment resistance 2, heat
vulnerability 1, in touch with death 1, no potions, faith
a: no special abilities


You were on level 4 of the Dungeon.
You visited 1 branch of the dungeon, and saw 2 of its levels.

You collected 46 gold pieces.

Inventory:

Hand Weapons
 a - a +0 hand axe (weapon)
Armour
 b - a +0 leather armour (worn)
Wands
 f - a wand of digging (3)
Scrolls
 c - a scroll of fog


   Skills:
 + Level 3.4 Fighting
 * Level 2.5 Axes
 + Level 1.1 Armour
 - Level 1.5 Dodging
 - Level 4.1 Stealth


You had 2 spell levels left.
You didn't know any spells.
Your spell library was empty.

Dungeon Overview and Level Annotations

Branches:
Dungeon (5/15) Zot: 11527
 Temple: D:4-7

Altars:


Innate Abilities, Weirdness & Mutations

You are immune to poison.
Your flesh is cold resistant. (rC+)
You are immune to negative energy. (rN+++)
You are immune to unholy pain and torment.
You are vulnerable to heat. (rF-)
You are in touch with the powers of death.
You do not drink.
You have a special connection with the divine. (Faith)


Message History

The adder misses you. The adder bites you.
You slash the adder!
You kill the adder!
You see here an adder corpse.
You start resting.
You hear the slow rusting of a very distant drain.
Found a mace.
You start resting.
HP restored.
You see here a +0 mace.
An adder and a sky beast come into view.
You see here a +0 mace.
You hear the rusting of a very distant drain.
You see here an adder corpse.
You open the door.
An iguana comes into view.
Found a metallic sapphire potion.
There is an open door here.
Found a stone staircase leading up.
The helpless iguana fails to defend itself.
You hit the iguana.
The iguana is moderately wounded.
The iguana bites you. The iguana completely misses you.
You hit the iguana but do no damage.
The iguana is moderately wounded.
The iguana bites you but does no damage.
You barely miss the iguana.
The iguana is moderately wounded.
The iguana bites you!
You hit the iguana.
The iguana is heavily wounded.
The iguana bites you!
* * * LOW HITPOINT WARNING * * *
You hit the iguana but do no damage.
The iguana is heavily wounded.
The iguana closely misses you.
You hit the iguana but do no damage.
The iguana is heavily wounded.
The iguana bites you!
You die...

..........).#
######.##### #.# ##†#
##+# ##.#.# # ##...##
##.###.## # ##.....##
#.## #.# # ##....l..##
##.###.## #
#......@..####...#.#####
+<........'.............
#.........####...#.#####
##.......## ##.##.# #
##.....## ####.# #
##!..## #.# # ##+# ..# #
.## .


You could see an iguana.

Vanquished Creatures
  A hound (D:5)
  An adder (D:4)
  A white imp (D:5)
  A hobgoblin (D:4)
4 creatures vanquished.

Notes
Turn   | Place    | Note
-------+----------+-------------------------------------------
     0 | D:5      | Zeldest the Mummy Delver began the quest for the Orb.
     0 | D:5      | Reached XP level 1. HP: 18/18 MP: 1/1
    12 | D:5      | Noticed an ice beast
   106 | D:5      | Noticed a hound
   168 | D:5      | Killed a hound
   169 | D:5      | Reached skill level 1 in Armour
   169 | D:5      | Reached XP level 2. HP: 9/24 MP: 2/2
   169 | D:5      | Gained mutation: You are in touch with the powers of death.
                  | [Mummy growth]
   169 | D:5      | Reached XP level 3. HP: 11/29 MP: 3/3
   427 | D:4      | Noticed a sky beast
   463 | D:4      | Slain by an iguana

Illustrated notes

Levels and vault maps discovered:
D:4:      layout_loops_corners, gup_sewer_entry_spiral
D:5:      layout_basic, dancing_weapons_uskayaw, gammafunk_temple_overflow_wave,
          uniq_ijyb

Skill      XL: |  1 |
---------------+----+-----
Axes           | 2 |  2.5
Armour         | 1 |  1.1
Fighting       | |  3.4
Dodging        | |  1.5
Stealth        | |  4.1

Action                     || total
---------------------------++-------
  Melee: Hand axe          ||    44
         Punch             ||     1
    Use: Scroll            ||     2
   Stab: Sleeping          ||     1
 Armour: Leather armour    ||    10
  Dodge: Dodged            ||    30

Table legend: (Time is in decaauts)
 A = Elapsed time spent in this place.
 B = Non-inter-level travel time spent in this place.
 C = Inter-level travel time spent in this place.
 D = Time resting spent in this place.
 E = Time spent auto-exploring this place.
 F = Levels seen in this place.
 G = Mean time per level.
                   A        B        C        D        E       F      G
               +--------+--------+--------+--------+--------+-----+--------+
         Total |    471 |    471 |      0 |    179 |     10 |   2 |  235.5 |
       Dungeon |    471 |    471 |      0 |    179 |     10 |   2 |  235.5 |
               +--------+--------+--------+--------+--------+-----+--------+

Top non-repeatable levels by time:
     D:5: 249 daAuts
     D:4: 221 daAuts
